Cogmind - Beta 11 X8 @@@ ROGUE MODE // 2021.11.09 @ 04:00:09 Player: cptwinky Result: Destroyed by D-53 Grenadier with Mini Grenade Launcher Performance ------------- Evolutions (0) 0 Regions Visited (2) 400 Robots Destroyed (33) 165 Value Destroyed (802) 802 Prototype IDs (0) 0 Alien Tech Used (0) 0 Bonus (0) 0 TOTAL SCORE: 1367 Bonus ------- None Cogmind --------- Core Integrity 0/250 Matter 282/300 Energy 250/250 System Corruption 0% Temperature Cool (0) Movement Walking (190) Ox1 Location -10/Mines Parts ------- > --- POWER (1) -------- Ion Engine > --- PROPULSION (2) --- Aluminum Leg Aluminum Leg > --- UTILITY (2) ------ Improved Heat Sink Medium Storage Unit > --- WEAPON (2) ------- Improved Light Cannon Improved Light Cannon > --- INVENTORY (10) --- Light Nuclear Core Medium Matter Pod (100) Light Armor Plating Beamcaster Improved Light Cannon Improved Light Cannon Improved Light Cannon Improved Light Cannon Improved Light Cannon Mining Claw Peak State ------------ > --- POWER ------------ Ion Engine > --- PROPULSION ------- Aluminum Leg Aluminum Leg > --- UTILITY ---------- Improved Heat Sink Medium Storage Unit > --- WEAPON ----------- Improved Light Cannon Improved Light Cannon > --- INVENTORY -------- Light Nuclear Core Medium Matter Pod Light Armor Plating Beamcaster Improved Light Cannon Improved Light Cannon Improved Light Cannon Improved Light Cannon Improved Light Cannon Mining Claw [Rating: 13] Favorites ----------- Power Ion Engine Engine Ion Engine Propulsion Light Treads Treads Light Treads Leg Aluminum Leg Utility Improved Heat Sink Device Improved Heat Sink Storage Medium Storage Unit Weapon Improved Light Cannon Energy Gun Particle Gun Ballistic Gun Assault Rifle Ballistic Cannon Improved Light Cannon Build | -11 -10 -10 ------- Run | Scr Mat Min Slots Evolved . | . . . Power . | . . . Propulsion . | . . . Utility . | . . . Weapon . | . . . Parts Attached 19 | 2 13 4 Power 3 | . 2 1 Engine 3 | . 2 1 Core . | . . . Reactor . | . . . Propulsion 5 | 2 1 2 Treads 3 | 2 1 . Leg 2 | . . 2 Wheel . | . . . Hover . | . . . Flight . | . . . Utility 5 | . 5 . Device 4 | . 4 . Storage 1 | . 1 . Processor . | . . . Hackware . | . . . Protection . | . . . Artifact . | . . . Weapon 6 | . 5 1 Energy Gun 2 | . 2 . Energy Cannon . | . . . Ballistic Gun 1 | . 1 . Ballistic Cannon 3 | . 2 1 Launcher . | . . . Special Weapon . | . . . Impact Weapon . | . . . Slashing Weapon . | . . . Piercing Weapon . | . . . Special Melee Weapon . | . . . Unidentified Prototypes . | . . . Parts Lost 7 | . 5 2 Power 2 | . 2 . Propulsion 2 | . . 2 Utility 1 | . 1 . Weapon 2 | . 2 . Highest Loss Streak 2 | . 2 2 Average Slot Usage (%) 98 | . 98 99 Engine 13 | . 13 14 Treads 26 | . 27 24 Device 13 | . 12 14 Storage 14 | . 14 14 Energy Gun 7 | . 11 . Ballistic Gun 8 | . 13 . Ballistic Cannon 12 | . 2 28 Naked Turns . | . . . Heaviest Build 24 | 12 24 24 Greatest Support 40 | 40 40 40 Greatest Overweight (x) 7 | . . 7 Average Overweight (x) . | . . . Largest Inventory Capacity 10 | 8 10 10 Average Capacity 9 | 8 8 10 Most Carried 10 | 6 10 10 Average Carried 8 | 6 7 9 Final Capacity 10 | 8 10 10 Final Carried 10 | 6 10 10 Class Distribution -------------------- 100% | Mutant Dominant Class ---------------- Mutant | -10/Materials Mutant | -10/Mines Resources | -11 -10 -10 ----------- Run | Scr Mat Min Matter Collected 922 | 174 479 269 Remotely . | . . . Salvage Created 948 | . 728 220 Parts 65 | . 42 23 Haulers Intercepted 1 | . 1 . Recyclers Shooed 1 | . 1 . Parts Field Recycled . | . . . Retrieved Matter . | . . . Parts Self-Destructed . | . . . Prevented . | . . . Kills | -11 -10 -10 ------- Run | Scr Mat Min Combat Hostiles Destroyed 31 | . 16 15 Guns 16 | . 16 . Cannons 14 | . . 14 AOE 1 | . . 1 Classes Destroyed 4 | . 2 2 Hauler 1 | . 1 . Recycler 1 | . . 1 Swarmer 13 | . . 13 Grunt 18 | . 16 2 Best Kill Streak 6 | . 2 6 Combat Bots Only 6 | . 2 6 Max Kills in Single Turn 1 | . 1 1 Gunslinging . | . . . Exploded 1 | . . 1 Melee . | . . . Uniques/NPCs Destroyed . | . . . Combat | -11 -10 -10 -------- Run | Scr Mat Min Damage Taken 1285 | . 735 550 Core 258 | . 89 169 Absorbed by Shields . | . . . Core Remaining (%) 100 | 100 . . Volleys Fired 102 | . 59 43 Largest 2 | . 2 2 Hottest 115 | . 115 78 Shots Fired 179 | . 117 62 Gun 117 | . 117 . Cannon 62 | . . 62 Launcher . | . . . Special . | . . . Kinetic 146 | . 84 62 Thermal 33 | . 33 . Explosive . | . . . Electromagnetic . | . . . Robot Hit Streak 18 | . 18 8 Robot Miss Streak 4 | . 4 3 Penetration Max . | . . . Secondary Targets 1 | . 1 . Max Gunslinging Chain 1 | . 1 . Shots Hit Robots 126 | . 84 42 Core Hits 49 | . 32 17 Critical Kills . | . . . Critical Parts Destroyed . | . . . Critical Strikes 4 | . 1 3 Burn 1 | . 1 . Blast 3 | . . 3 Melee Attacks . | . . . Impact . | . . . Slashing . | . . . Piercing . | . . . Sneak Attacks . | . . . Combat Hostiles . | . . . Follow-up Attacks . | . . . Damage Inflicted 2106 | . 1142 964 Guns 1130 | . 1130 . Cannons 964 | . . 964 Explosions . | . . . Melee . | . . . Ramming 12 | . 12 . Kinetic 1736 | . 772 964 Thermal 358 | . 358 . Explosive . | . . . Electromagnetic . | . . . Impact . | . . . Slashing . | . . . Piercing . | . . . Highest Corruption . | . . . Average Corruption . | . . . Corruption Purged . | . . . Overload Shots . | . . . Overflow Damage 37 | . . 37 Projectiles 37 | . . 37 Explosions . | . . . Melee . | . . . Knockbacks 5 | . . 5 Impact . | . . . Kinetic 5 | . . 5 Secondary . | . . . Self-Inflicted Damage . | . . . Shots . | . . . Rammed 3 | . 3 . Targets Rammed 3 | . 3 . Kicked . | . . . Crushed . | . . . Highest Temperature 61 | . 61 1 Average Temperature 26 | . 26 1 Received Heat Transfer 489 | . 468 21 Siege Activations . | . . . Robots Corrupted . | . . . Combat Hostiles . | . . . Parts Fried . | . . . Impact Corruptions . | . . . Robots Melted 1 | . 1 . Combat Hostiles . | . . . Parts Melted 3 | . 3 . Heat Transferred 999 | . 999 . Parts Sabotaged . | . . . Parts Stolen . | . . . Parts Stripped . | . . . Power Chain Reactions . | . . . Missiles Intercepted . | . . . Alert | -11 -10 -10 ------- Run | Scr Mat Min Peak Influence 287 | . 199 287 Initial 10 | . . 10 Average 91 | . 88 96 Maximum Alert Level 1 | . . 1 Low Security (%) 94 | 100 100 86 Level 1 5 | . . 13 Level 2 . | . . . Level 3 . | . . . Level 4 . | . . . Level 5 . | . . . High Security . | . . . Max Security . | . . . Squads Dispatched 5 | . 5 . Investigation 3 | . 3 . Extermination . | . . . Reinforcement 2 | . 2 . Assault . | . . . Garrison . | . . . Intercept . | . . . Construction Impeded . | . . . Haulers Reinforced . | . . . Active Scanning Responses . | . . . Cargo Convoy Interrupts . | . . . Stealth | -11 -10 -10 --------- Run | Scr Mat Min Distress Signals 1 | . 1 . Communications Jammed . | . . . Distress Signals . | . . . Times Spotted 57 | . 25 32 Peak Tracking Total 10 | . 4 10 Tactical Retreats 3 | . . 3 Traps | -11 -10 -10 ------- Run | Scr Mat Min Traps Triggered 1 | . 1 . Indirectly . | . . . Trap Hack Attempts . | . . . Triggered . | . . . Disarmed . | . . . Reprogrammed . | . . . Reused . | . . . Traps Extracted . | . . . Installed . | . . . Triggered 1 | . . 1 Machines | -11 -10 -10 ---------- Run | Scr Mat Min Machines Disabled . | . . . Max in Single Turn . | . . . Machines Sabotaged . | . . . Garrisons Compromised . | . . . Overloaded Fab Kills . | . . . Hacking | -11 -10 -10 --------- Run | Scr Mat Min Machines Accessed 6 | . 6 . Terminals 4 | . 4 . Fabricators . | . . . Repair Stations 1 | . 1 . Recycling Units 1 | . 1 . Scanalyzers . | . . . Garrison Access . | . . . Total Hacks 20 | . 20 . Successful 9 | . 9 . Failed 10 | . 10 . Catastrophic 1 | . 1 . Database Lockouts 1 | . 1 . Manual 15 | . 15 . Terminals 13 | . 13 . Fabricators . | . . . Repair Stations 4 | . 4 . Recycling Units 3 | . 3 . Scanalyzers . | . . . Garrison Access . | . . . Terminal Hacks 3 | . 3 . Robot Analysis 2 | . 2 . Recall Investigation 1 | . 1 . Fabricator Hacks . | . . . Repair Station Hacks 4 | . 4 . Scan Component 2 | . 2 . Repair 2 | . 2 . Recycling Unit Hacks 1 | . 1 . Retrieve Components 1 | . 1 . Scanalyzer . | . . . Garrison Access Hacks . | . . . Unauthorized Hacks 1 | . 1 . Terminals . | . . . Fabricators . | . . . Repair Stations . | . . . Recycling Units 1 | . 1 . Tunnel 1 | . 1 . Scanalyzers . | . . . Garrison Access . | . . . Data Cores Recovered . | . . . Used . | . . . Hacking Detections 6 | . 6 . Full Trace Events 3 | . 3 . Feedback Events . | . . . Feedback Blocked . | . . . Robot Schematics Acquired . | . . . Robots Built . | . . . Authchips . | . . . Time . | . . . Total Robot Build Rating . | . . . Part Schematics Acquired . | . . . Parts Built . | . . . Authchips . | . . . Time . | . . . Total Part Build Rating . | . . . Parts Repaired 2 | . 2 . Time 64 | . 64 . Parts Recycled . | . . . Recycled Matter . | . . . Retrieved Matter . | . . . Retrieved Components 10 | . 10 . Parts Scanalyzed . | . . . Part Schematics Acquired . | . . . Parts Damaged . | . . . Bothacking | -11 -10 -10 ------------ Run | Scr Mat Min Used RIF Installer . | . . . Robots Hacked . | . . . Non-combat . | . . . Combat . | . . . Robot Hacks Applied . | . . . Relay Couplers Released . | . . . Fabnet Peak Effective % . | . . . Robots Rewired . | . . . Allies Hacked . | . . . Hacks Repelled . | . . . Allies | -11 -10 -10 -------- Run | Scr Mat Min Total Allies 1 | . . 1 Largest Group 1 | . . 1 Highest-Rated Group 31 | . . 31 Highest-Rated Ally 31 | . . 31 Total Orders . | . . . Ally Attacks 2 | . . 2 Total Damage 21 | . . 21 Kills . | . . . Allies Corrupted . | . . . Allies Melted . | . . . Intel | -11 -10 -10 ------- Run | Scr Mat Min Robot Analysis Total 2 | . 2 . Derelict Logs Recovered . | . . . Drone Launches . | . . . Drone Recoveries . | . . . Exploration | -11 -10 -10 ------------- Run | Scr Mat Min Turns Passed 2056 | 3 1247 806 Spaces Moved 976 | 1 563 412 Core 4 | . . 4 Treads 939 | 1 563 375 Legs 33 | . . 33 Wheels . | . . . Hover . | . . . Flight . | . . . Fastest Speed 160 | 160 160 160 Average Speed 162 | 160 160 164 Slowest Speed 400 | 160 160 400 Overloaded Moves . | . . . Propulsion Burnouts . | . . . Robots Hopped . | . . . Cave-ins Triggered . | . . . Exploration Rate (%) 55 | 2 82 82 Regions Visited 2 Branch Regions 1 Pre-discovered Areas 3 | . 1 2 Known Exits Taken . | . . . Unknown Exits Taken 2 | 1 1 . Scrap Searched 1 | . . 1 Spaces Dug . | . . . Terrain Destroyed 2 | . . 2 Melee . | . . . Projectile 2 | . . 2 AOE . | . . . Terrain Rammed . | . . . Walls Destroyed . | . . . Machines Disabled . | . . . Actions | -11 -10 -10 --------- Run | Scr Mat Min Total 1271 | 2 794 475 Wait 138 | . 126 12 Move 974 | . 562 412 Hop . | . . . Pick Up 18 | . 16 2 Fast Attach 10 | . 8 2 Attach 3 | . 3 . Detach 2 | . 2 . Swap 6 | 2 2 2 Drop 15 | . 13 2 Fire 102 | . 59 43 Melee . | . . . Ram . | . . . Kick . | . . . Crush 3 | . 3 . Escape Stasis . | . . . Rewire . | . . . Trap . | . . . Miscellaneous . | . . . Route ------- -11/Scrapyard -10/Materials (discovered 2 exits: [*Mat] / [*Min]) -10/Mines (discovered 2 exits: [*Mat x2]) History --------- Turn | Location | Event 4 | -11/Scrapyard | Discovered new exit (range 0) 4 | -11/Scrapyard | Entered Materials 305 | -10/Materials | Build established: Mutant 393 | -10/Materials | Repaired Lgt. Treads 433 | -10/Materials | Repaired Imp. Heat Sink 640 | -10/Materials | Discovered new exit (range 12) 918 | -10/Materials | Discovered new exit (range 15) 1191 | -10/Materials | Central database locked down 1251 | -10/Materials | Entered Mines 1276 | -10/Mines | Learned location of Storage (-7) 1544 | -10/Mines | Escorted by a lone wolf Derelict 1785 | -10/Mines | Discovered new exit (range 3) 1884 | -10/Mines | Core integrity fell below 50% 1900 | -10/Mines | Discovered new exit (range 3) 2018 | -10/Mines | Assembled infested the area 2023 | -10/Mines | Assisted by a Guerilla fighting off Assembled 2032 | -10/Mines | Core integrity fell below 20% 2057 | -10/Mines | Destroyed by D-53 Grenadier with Mini Grenade Launcher Last Messages --------------- 02030_ HV Slug penetrates as-74593. 02030_ as-74593 destroyed. 02030_ as-56502 suffers critical hit (Destroy). 02030_ as-56502 destroyed. 02033_ A derelict is hurriedly installing traps. 02034_ as-70087 destroyed. 02035_ 25-SZP(g): "Hehe, this'll put a wrench in their mining defense operations..." 02035_ 25-SZP(g) slips into the shadows. 02037_ HV Slug penetrates Earth. 02038_ as-53395 destroyed. 02038_ as-69560 destroyed. 02040_ R9-A5Q(h) destroyed. 02040_ as-31584 destroyed. 02042_ The unstable cave ceiling collapses. 02044_ D-53 Grenadier knocked back. 02045_ as-49310 destroyed. 02045_ as-35162 destroyed. 02045_ as-51327 destroyed. 02053_ Acquired 10 matter. Map ----- +----------------------------------------------------+ | ???????# #??????????????????######## """ | | ???????# #??????????????????# # | | ????#### #################### ## | | ????# < ### | | ????# ######################## #??#### | | ????# #??????????????????????##%## ##?????## | | ????# #???????????????????????#%#??#????????# | | ???## ##????????????###########[##?#????????# | | ??## ##???????????#!=*%=%= % [## #???????## | | ?## ###?????????# ######### = #???????# | | ?# ##????????# #???????# ####???????# | | ?# ###??????# #???????# #?????????# | | ?# ######## #???????# #?????????# | | ?# #???????# #?????????# | | ?# #########???????# #?????????## | | ?## ##???????????????# ##?????????# | | ??## ##?????########### ##??###???# | | ???# ###??## ## #### ##??# | | ???## ##?# # #### | | ????## #?# %# ### | | ?????## #?# [#* #?# | | ??????# #?# < * % #?# ########## | | ?????## #### ##= #?# ###????????? | | ??#### ###?# ###%%#?## ##??????????? | | ??# ####???# | ##%%#??###????# ?????? | | ?# ##??????# @ ##%=#???????# ???? | | ?# #???????# #"=%#??????# ??? | | ?## ##??????# d ## [##??### ?? | | ??########???????### d % * %### ?? | | ???????????????????#=## #?? | | ?????????????????? ### #?? | | ?????????????????# ###?## % ?? | | ?????????????????# ?????# ## ?? | | ?????????????????#?????## ##??? ??? | | ???????????????????????# ##????? ##???? | | ???????????????????????# ?? ##????? | | ???????????????????????# ^ #????? | | ???????????????????????# #???????? | | ??????????????????????## #?#????? | | ?????????????????????## #????? | | ?????????????????????# ?????? | | ????????????????????# % % ? | | ????????????????????# "####?? | | ????????????????????## ## # #????? | | ?????????????????????###?## ###????? | | ??????????????????????????# # ???????? | | ?????????????????????????? #####????????? | | ?????????????????????????? ##????????????? | | ?????????????????????????######?????????????? | | ????????????????????????????????????????????? | +----------------------------------------------------+ Best States ------------- Heat Dissipation 39 Energy Generation 10 Energy Capacity 250 Matter Stores 300 Matter Capacity 300 Sight Range 16 Terrain Scan Density 10 Evasion (%) 40 Recoil Reduction 2 Item Schematics ----------------- None Robot Schematics ------------------ None Fabricated ------------ Nothing Alien Tech Used ----------------- None Achievements -------------- None Challenges ------------ None Game ------ Seed ThunderMetafiberAxe Manual? 0 Play Time 00:09:14 Cumulative 992.9 hours Start 2021.11.09 @ 03:51:20 End 2021.11.09 @ 04:00:09 Sessions 1 Manual Loads 0 Difficulty Rogue Special Mode None Game No. 683 Rogue 679 Adventurer 4 Explorer 0 Win Type - Total 106 Types 80/9/7/4/2/0/0/2/2 Lore% 93 Gallery% 98 Achievement% 96 Wizard Run 0 Options --------- ASCII 0 Keyboard 1 Movement Vi Keybinds 0 Fullscreen 0 Font 16/Terminus Map View 76x50 Tactical HUD 1 Map Filters NONE Filters NONE Steam 1 RUN: a884810d-44d3-4f53-9a12-9632954b440f